 Dungeon Crawl Stone Soup version 0.28-b1-25-g9875b3fc8c (webtiles) character file.

Game seed: 1539448259038015153

989 pkoi the Archer (level 7, -1/59 HPs)
             Began as a Minotaur Hunter on Feb 1, 2022.
             Slain by a gnoll sergeant (9 damage)
             ... on level 5 of the Dungeon.
             The game lasted 00:03:39 (3933 turns).

pkoi the Archer (Minotaur Hunter)                   Turns: 3933, Time: 00:03:39

Health: -1/59      AC:  4    Str: 16 (17) XL:     7   Next: 98%
Magic:  6/6        EV: 12    Int:  7 (8)  God:
Gold:   82         SH:  0    Dex:  9 (12) Spells: 6/6 levels left

rFire   . . .      SeeInvis .   g - +7 trident of the Special Mouths {vamp, rC+ rCorr}
rCold   + . .      Faith    .   (no shield)
rNeg    . . .      Spirit   .   c - +0 leather armour
rPois   .          Reflect  .   (helmet restricted)
rElec   .          Harm     .   (no cloak)
rCorr   +          Rampage  .   k - +0 pair of gloves
Will    .....                   (no boots)
Stlth   ++........              (no amulet)
HPRegen 0.19/turn               (no ring)
MPRegen 0.10/turn               (no ring)

@: no status effects
A: horns 2, retaliatory headbutt
a: no special abilities


You were on level 5 of the Dungeon.
You visited 1 branch of the dungeon, and saw 5 of its levels.

You collected 82 gold pieces.

Inventory:

Hand Weapons
 a - a +1 shortbow of venom
 b - a +0 short sword
 g - the +7 trident of the Special Mouths (weapon) {vamp, rC+ rCorr}
   (You found it on level 2 of the Dungeon)

   It occasionally heals its wielder for a portion of the damage dealt when it
   wounds a living foe.
   rC:        It protects you from cold.
   rCorr:     It protects you from acid and corrosion.
Missiles
 d - 34 arrows
Armour
 c - a +0 leather armour (worn)
 k - a +0 pair of gloves (worn)
Wands
 l - a wand of digging (3)
Scrolls
 e - a scroll of teleportation
 f - 2 scrolls of fog
 i - 3 scrolls of identify
Potions
 h - 2 potions of might


   Skills:
 + Level 4.0 Fighting
 * Level 8.4 Bows
 + Level 3.5 Dodging
 + Level 4.0 Stealth
 + Level 2.1 Evocations


You had 6 spell levels left.
You didn't know any spells.
Your spell library contained the following spells:

 Spells                   Type           Power      Damage    Failure   Level
 Summon Small Mammal      Summ           0%         N/A       50%         1
 Call Canine Familiar     Summ           0%         N/A       86%         3
 Summon Guardian Golem    Hex/Summ       0%         N/A       86%         3


Dungeon Overview and Level Annotations

Branches:
Dungeon (5/15)
 Temple: D:4-7

Altars:
Xom

Shops:
D:3 [(   D:5 ?


Innate Abilities, Weirdness & Mutations

You have a pair of horns on your head.
You reflexively headbutt those who attack you in melee.


Message History

You reach to attack!
The gnoll sergeant blocks your attack. The gnoll sergeant closely misses you.
Unknown command.
Reach: g) +7 trident of the Special Mouths {vamp, rC+ rCorr}
Press: ? - help, Dir - move target, f/p - gnoll sergeant
Aim: a gnoll sergeant, wielding a +0 trident, wearing a +0 ring mail and wearing a +0 kite shield (about 27% to evade the +7 trident of the Special Mouths)
You reach to attack!
You hit the gnoll sergeant.
The gnoll sergeant is lightly wounded.
The gnoll sergeant hits you but does no damage.
You puncture the gnoll!
You feel better.
The gnoll is severely wounded.
The gnoll closely misses you. You furiously retaliate!
You headbutt the gnoll.
You kill the gnoll!
The gnoll sergeant barely misses you.
Your Fighting skill increases to level 4!
The gnoll sergeant closely misses you.
Things that are here:
a +0 whip; a gnoll corpse You puncture the gnoll sergeant!
You feel better.
The gnoll sergeant is heavily wounded.
The gnoll sergeant hits you with a +0 trident!
The gnoll misses you.
The gnoll sergeant hits you with a +0 trident!
The gnoll hits you with a +0 whip. The gnoll sergeant blocks your attack.
The gnoll sergeant is heavily wounded.
The gnoll hits you but does no damage.
The gnoll sergeant hits you with a +0 trident!
* * * LOW HITPOINT WARNING * * *
The gnoll sergeant blocks your attack.
The gnoll sergeant is heavily wounded.
The gnoll hits you with a +0 whip.
* * * LOW HITPOINT WARNING * * *
The gnoll sergeant hits you with a +0 trident.
* * * LOW HITPOINT WARNING * * *
Unknown command.
You hit the gnoll sergeant.
You feel better.
The gnoll sergeant is heavily wounded.
The gnoll sergeant hits you with a +0 trident!
You die...

................. #..#.....#...
...)............. ##.#####.#...
................##+######.##.##'#
.........########...#.....'.....#
.........'..........#.....#.....#
.........#.....##...##....#######
.........#.....##...#######......
.........#.....##g...#....#....^.
.........#......@g...#....#......
.........#.....####'###...#......
.........#.....##..)###...##.....
.........#...........#.....'.....
.........#.........g.#.....#.....
........ #+######....###...#.....
........ #...g############
###.... #.....+.......... ...
#.....#..........


You could see a gnoll sergeant and a gnoll.

Vanquished Creatures
  Sigmund (D:5)
  A sky beast (D:5)
  2 ogres
  Blork the orc (D:5)
  A scorpion (D:4)
  A water moccasin zombie (D:5)
  An orc priest (D:4)
  A hound (D:3)
  A scorpion zombie (D:5)
  A centaur skeleton (D:5)
  Jessica (D:3)
  2 iguanas (D:3)
  7 gnolls
  4 adders (D:2)
  An ufetubus (D:4)
  A worm (D:3)
  3 dart slugs
  7 orcs
  5 bats
  4 endoplasms
  2 giant cockroaches
  13 goblins
  4 hobgoblins
  2 jackals (D:3)
  A quokka (D:1)
  5 ball pythons
  5 frilled lizards
  6 kobolds
  10 rats
94 creatures vanquished.

Notes
Turn   | Place    | Note
-------+----------+-------------------------------------------
     0 | D:1      | pkoi the Minotaur Hunter began the quest for the Orb.
     0 | D:1      | Reached XP level 1. HP: 18/18 MP: 0/0
    24 | D:1      | Reached skill level 1 in Stealth
    80 | D:1      | Reached XP level 2. HP: 25/25 MP: 1/1
   181 | D:1      | Found a faded altar of an unknown god.
   199 | D:1      | Reached skill level 5 in Bows
   208 | D:1      | You fall into a shaft and drop 1 floor!
   212 | D:2      | Reached XP level 3. HP: 30/30 MP: 2/2
   347 | D:2      | Identified the +7 trident of the Special Mouths {vamp, rC+
                  | rCorr}
   584 | D:2      | Found a shimmering altar of Xom.
   646 | D:2      | Reached XP level 4. HP: 24/37 MP: 3/3
   955 | D:2      | Reached skill level 6 in Bows
  1756 | D:3      | Found Yrockohi's Antique Armour Shop.
  1840 | D:3      | Found Ytaorif's Weapon Shop.
  1869 | D:3      | Reached XP level 5. HP: 42/42 MP: 4/4
  2088 | D:3      | Noticed Jessica
  2093 | D:3      | Killed Jessica
  2407 | D:3      | Reached skill level 7 in Bows
  2542 | D:4      | Reached XP level 6. HP: 47/50 MP: 5/5
  3082 | D:5      | Entered Level 5 of the Dungeon
  3082 | D:5      | Noticed Sigmund
  3087 | D:5      | Killed Sigmund
  3088 | D:5      | Reached skill level 1 in Evocations
  3088 | D:5      | Reached XP level 7. HP: 57/57 MP: 6/6
  3117 | D:5      | Reached skill level 8 in Bows
  3291 | D:5      | Noticed Blork the orc
  3298 | D:5      | Killed Blork the orc
  3810 | D:5      | Found Cocvoowy's Magic Scroll Shoppe.
  3933 | D:5      | Slain by a gnoll sergeant

Illustrated notes

Levels and vault maps discovered:
D:1:      lemuel_arrival_lava_pool, layout_rooms, ebering_ecumenical_altar_rust,
          hangedman_abyss_or_decor_lesser_grid, feat_on_display
D:2:      layout_loops_ring, basic_altar
D:3:      layout_rooms, serial_shops, nicolae_shop_stone, shop_fountains,
          uniq_jessica
D:4:      layout_rooms, corexii_checkpoint_a
D:5:      layout_gridville, mainiacjoe_overflow_24_doors,
          nicolae_overflow_hidden_temple, serial_shops, shop,
          lemuel_old_faithful, uniq_sigmund, uniq_blork_the_orc

Skill      XL: |  1  2  3  4  5  6  7 |
---------------+----------------------+-----
Stealth        | 1 2 3 4 |  4.0
Bows           | 5 6 7 8 |  8.4
Fighting       | 3 4 |  4.0
Evocations     | 1 2 |  2.1
Dodging        | 3 |  3.5

Action                   |  1- 3 |  4- 6 |  7- 9 || total
-------------------------+-------+-------+-------++-------
Melee: Short sword       |    15 |       |       ||    15
       Headbutt          |     8 |    11 |    10 ||    29
       Trident           |    26 |   102 |    53 ||   181
 Fire: Shortbow          |    22 |       |       ||    22
  Use: Scroll            |     2 |       |     3 ||     5
       Potion            |       |     3 |     2 ||     5
 Stab: Distracted        |     1 |       |       ||     1
       Sleeping          |       |     6 |       ||     6
Armor: Leather armour    |    12 |    19 |    11 ||    42
       Skin              |       |    13 |       ||    13
Dodge: Dodged            |    27 |    46 |    36 ||   109
